 Dungeon Crawl Stone Soup version 0.29-a0-495-g17b7911 (webtiles) character file.

Game seed: 12823438197563135099

315 Toastz the Grave Robber (level 6, 0/48 HPs)
             Began as a Demonspawn Necromancer on May 27, 2022.
             Killed by nerve-wracking pain
             ... invoked by Menkaure
              (5 damage)
             ... on level 4 of the Dungeon.
             The game lasted 00:10:53 (4798 turns).

Toastz the Grave Robber (Demonspawn Necromancer)    Turns: 4798, Time: 00:10:54

Health: 0/48       AC:  8    Str:  9    XL:     6   Next: 19%
Magic:  9/9        EV: 10    Int: 18    God:
Gold:   220        SH:  0    Dex: 13    Spells: 1/9 levels left

rFire   . . .      SeeInvis .   q - +0 long sword
rCold   + . .      Faith    .   (no shield)
rNeg    . . .      Spirit   .   s - +0 ring mail
rPois   .          Reflect  .   (helmet restricted)
rElec   .          Harm     .   (no cloak)
rCorr   .          Rampage  .   (no gloves)
Will    .....                   (no boots)
Stlth   +.........              (no amulet)
HPRegen 0.16/turn               m - ring of protection from cold
MPRegen 0.11/turn               (no ring)

@: invisible
A: antennae 1, icy blue scales 2
a: no special abilities


You were on level 4 of the Dungeon.
You visited 1 branch of the dungeon, and saw 4 of its levels.

You collected 220 gold pieces.

Inventory:

Hand Weapons
 a - a +1 dagger of venom
 g - a +1 hand axe
 q - a +0 long sword (weapon)
Missiles
 d - 176 stones
 i - 9 atropa-tipped darts
 r - 2 throwing nets
Armour
 c - a +1 robe
 l - a +0 kite shield
 s - a +0 ring mail (worn)
Jewellery
 m - a ring of protection from cold (left hand)
Scrolls
 f - a scroll of fog {unknown}
 h - a scroll of enchant armour
 k - a scroll of teleportation {unknown}
 n - a scroll of brand weapon {unknown}
 o - a scroll of identify {unknown}
 p - a scroll of silence {unknown}
Potions
 b - a potion of magic


   Skills:
 + Level 4.2 Fighting
 + Level 0.1 Armour
 - Level 1.7 Dodging
 - Level 1.7 Stealth
 - Level 2.0 Spellcasting
 + Level 6.5 Necromancy


You had one spell level left.
You knew the following spells:

 Your Spells              Type           Power      Damage    Failure   Level
a - Necrotize             Necr           100%       1d9       3%          1
b - Vampiric Draining     Necr           25%        2d7       10%         3
c - Animate Dead          Necr           25%        N/A       32%         4

Your spell library contained the following spells:

 Spells                   Type           Power      Damage    Failure   Level
 Sandblast                Erth           2%         2d4       45%         1
 Passwall                 Tmut/Erth      0%         N/A       58%         2
 Agony                    Necr           25%        N/A       67%         5
 Stone Arrow              Conj/Erth      2%         3d7       83%         3


Dungeon Overview and Level Annotations

Branches:
Dungeon (4/15)
 Temple: D:4-7

Altars:
Nemelex Xobeh

Shops:
D:4 [

Annotations:
D:4 Menkaure


Innate Abilities, Weirdness & Mutations

You have a pair of small antennae on your head.
You are mostly covered in icy blue scales. (AC +3)


Message History

Confirm with . or Enter, or press ? or * to list all spells.
You can't see any susceptible monsters within range! (Use Z to cast anyway.) Unknown command.
Unknown command.
Okay, then.
You completely miss Menkaure. Menkaure barely misses you.
Your +1 dagger of venom stops dripping with poison.
q - a +0 long sword (weapon)
You hit Menkaure but do no damage.
Menkaure calls on the powers of darkness!
Your body is wracked with pain!
The orc convulses!
You hit Menkaure.
Menkaure is moderately damaged.
Menkaure hits you!
* * * LOW HITPOINT WARNING * * *
Menkaure hits you.
* * * LOW HITPOINT WARNING * * *
It was a potion of cancellation.
You feel magically purged.
It was a potion of invisibility.
You fade into invisibility!
The orc hits you with a +0 club.
* * * LOW HITPOINT WARNING * * *
Menkaure gestures wildly while chanting.
Menkaure seems to speed up.
Menkaure calls on the powers of darkness!
The orc convulses!
Your body is wracked with pain!
* * * LOW HITPOINT WARNING * * *
Menkaure calls on the powers of darkness!
Your body is wracked with pain!
* * * LOW HITPOINT WARNING * * *
Menkaure calls on the powers of darkness!
Your body is wracked with pain!
* * * LOW HITPOINT WARNING * * *
Menkaure gestures at you while chanting.
You barely resist.
Menkaure gestures at you while chanting.
You barely resist.
Menkaure points at you and mumbles some strange words.
Pain shoots through your body!
You die...

### #.....##########. ..#
#.#...........#.# #.#
#.#<#.######...## #.#
#.#.#.........## ##.######
#.#.########...##
........#########.#.#########.#.#
.#.o..o...........>.........#.##.
.######M######.##.#####..........
. #.# #...@.............##.
.######.#####M.#..<####.#.....##[
........o..o...#...# #.#Z#..###†
.#################.# #......# #.
. #(# ###.#..# #. #.# #.#..# #.
#.# #.#..# #. #.# #.#..# #. #.#
#.#..###.


You could see Menkaure (fast) and an orc (can't see you).

Vanquished Creatures
  An ogre (D:4)
  A scorpion (D:3)
  A wight (D:4)
  2 adders
  4 worms
  A dart slug (D:1)
  2 orcs (D:4)
  11 ball pythons
  7 bats
  6 endoplasms
  8 goblins
  9 hobgoblins
  5 jackals
  3 quokkas
  5 kobolds
  4 rats
70 creatures vanquished.

Vanquished Creatures (collateral kills)
  A worm (D:2)
  A ball python (D:2)
  A kobold (D:2)
  A goblin (D:2)
  A rat (D:1)
5 creatures vanquished.

Grand Total: 75 creatures vanquished

Notes
Turn   | Place    | Note
-------+----------+-------------------------------------------
     0 | D:1      | Toastz the Demonspawn Necromancer began the quest for the
                  | Orb.
     0 | D:1      | Reached XP level 1. HP: 13/13 MP: 3/3
     1 | D:1      | Noticed a barachi
     1 | D:1      | Noticed a minotaur skeleton
     3 | D:1      | Noticed an octopode
     3 | D:1      | Noticed a dwarf
     8 | D:1      | Noticed a tengu
    14 | D:1      | Noticed a vampire
    16 | D:1      | Noticed a minotaur zombie
    16 | D:1      | Noticed a minotaur zombie
    18 | D:1      | Noticed an octopode
   212 | D:1      | Reached skill level 1 in Fighting
   483 | D:1      | Gained mutation: You are partially covered in icy blue
                  | scales. (AC +2) [demonic ancestry]
   483 | D:1      | Reached XP level 2. HP: 21/21 MP: 3/5
   531 | D:1      | Found a faded altar of an unknown god.
  1506 | D:2      | Identified the +3 short sword of Pov Goez {holy, *Slow
                  | rCorr Dex+8 Stlth+}
  1583 | D:2      | HP: 1/22 [worm (5)]
  1897 | D:2      | Reached skill level 5 in Necromancy
  1897 | D:2      | Reached XP level 3. HP: 27/27 MP: 0/6
  2018 | D:2      | Learned a level 3 spell: Vampiric Draining
  2095 | D:2      | Found a sparkling altar of Nemelex Xobeh.
  2668 | D:2      | Reached XP level 4. HP: 34/34 MP: 5/7
  3174 | D:3      | Noticed a scorpion
  3182 | D:3      | Killed a scorpion
  3526 | D:3      | Gained mutation: You have a pair of small antennae on your
                  | head. [demonic ancestry]
  3526 | D:3      | Reached XP level 5. HP: 41/41 MP: 5/8
  3791 | D:3      | Learned a level 4 spell: Animate Dead
  4149 | D:4      | Noticed an ogre
  4156 | D:4      | Killed an ogre
  4157 | D:4      | Reached skill level 6 in Necromancy
  4286 | D:4      | Gained mutation: You are mostly covered in icy blue scales.
                  | (AC +3) [demonic ancestry]
  4286 | D:4      | Reached XP level 6. HP: 12/48 MP: 9/9
  4666 | D:4      | Found Saugarch's Armour Boutique.
  4775 | D:4      | Noticed Menkaure
  4798 | D:4      | Killed from afar by Menkaure

Illustrated notes

Levels and vault maps discovered:
D:1:      shiori_arrival_whats_in_store_for_you, layout_basic,
          chequers_ecumenical_altar_simple, hangedman_decor_opposing,
          st_stairs_8
D:2:      minmay_alternating_diamond, layout_basic, basic_altar,
          minmay_joined_circles
D:3:      layout_loops_ring, kennysheep_minor_cross, minmay_goblin_outpost
D:4:      layout_loops_ring, minmay_temple_entry_hall, nicolae_stop_n_shop_2,
          minmay_manual_monstrance, uniq_menkaure

Skill      XL: |  1  2  3  4  5 |
---------------+----------------+-----
Fighting       | 1 2 3 4 |  4.2
Necromancy     | 5 6 |  6.5
Armour         | |  0.1
Dodging        | |  1.7
Stealth        | |  1.7
Spellcasting   | |  2.0

Action                   |  1- 3 |  4- 6 || total
-------------------------+-------+-------++-------
Melee: Dagger            |    52 |    58 ||   110
       Punch             |     2 |       ||     2
       Long sword        |       |     2 ||     2
 Cast: Necrotize         |    65 |    47 ||   112
       Vampiric Draining |     3 |     1 ||     4
  Use: Scroll            |       |     2 ||     2
       Potion            |       |     3 ||     3
 Stab: Distracted        |       |     1 ||     1
Armor: Robe              |    10 |    20 ||    30
       Skin              |       |     7 ||     7
Dodge: Dodged            |    34 |    34 ||    68

Table legend: (Time is in decaauts)
 A = Elapsed time spent in this place.
 B = Non-inter-level travel time spent in this place.
 C = Inter-level travel time spent in this place.
 D = Time resting spent in this place.
 E = Time spent auto-exploring this place.
 F = Levels seen in this place.
 G = Mean time per level.
                   A        B        C        D        E       F      G
               +--------+--------+--------+--------+--------+-----+--------+
         Total |   4799 |   4483 |    316 |   1180 |   2534 |   4 | 1199.8 |
       Dungeon |   4799 |   4483 |    316 |   1180 |   2534 |   4 | 1199.8 |
               +--------+--------+--------+--------+--------+-----+--------+

Top non-repeatable levels by time:
     D:2: 1803 daAuts
     D:1: 1357 daAuts
     D:3: 1011 daAuts
     D:4: 626 daAuts
